 Dungeon Crawl Stone Soup version 0.29.0-13-gc9e81de378 (webtiles) character file.

Game seed: 12382123304935724318

80 LucemDeus the Trooper (level 4, -1/54 HPs)
             Began as a Demonspawn Berserker on Sept 10, 2022.
             Was a Follower of Trog.
             Slain by a scorpion (2 damage)
             ... on level 2 of the Dungeon.
             The game lasted 00:02:15 (1042 turns).

LucemDeus the Trooper (Demonspawn Berserker)        Turns: 1042, Time: 00:02:16

Health: -1/54      AC:  3    Str: 20    XL:     4   Next: 18%
Magic:  4/4        EV: 14    Int:  8    God:    Trog [*.....]
Gold:   58         SH:  0    Dex: 12    Spells: 3/3 levels left

rFire   + . .      SeeInvis .   a - +0 spear
rCold   . . .      Faith    .   (no shield)
rNeg    . . .      Spirit   .   g - +0 leather armour
rPois   .          Reflect  .   (no helmet)
rElec   .          Harm     .   (no cloak)
rCorr   +          Rampage  .   (no gloves)
Will    .....                   (no boots)
Stlth   ..........              (no amulet)
HPRegen 0.18/turn               i - ring of resist corrosion
MPRegen 0.18/turn               c - ring of protection from fire

@: berserking, lethally poisoned (-1 -> -2), slowed
A: claws 1, repulsion field 1, magic regeneration
a: Renounce Religion, Berserk


You were on level 2 of the Dungeon.
You worshipped Trog.
Trog was aware of your devotion.
You visited 1 branch of the dungeon, and saw 2 of its levels.

You collected 58 gold pieces.

Inventory:

Hand Weapons
 a - a +0 spear (weapon)
Armour
 b - a +0 animal skin
 g - a +0 leather armour (worn)
Jewellery
 c - a ring of protection from fire (right claw)
 f - a ring of willpower
 i - a ring of resist corrosion (left claw)
 j - a ring of ice


   Skills:
 + Level 3.6 Fighting
 + Level 3.2 Polearms
 + Level 2.5 Armour
 + Level 2.5 Dodging


You had 3 spell levels left.
You didn't know any spells.
Your spell library was empty.

Dungeon Overview and Level Annotations

Branches:
Dungeon (2/15)

Altars:


Innate Abilities, Weirdness & Mutations

You have sharp fingernails.
You are surrounded by a mild repulsion field. (EV +2)
You regenerate magic rapidly.


Message History

The quokka bites you.
* * * LOW HITPOINT WARNING * * *
You feel much better.
You feel very sick. The scorpion stings you.
The quokka twitches its whiskers.
The quokka barely misses you. The scorpion stings you. The quokka bites you.
You hit the scorpion.
The scorpion is heavily wounded.
You feel sick. The scorpion stings you.
The quokka bites you but does no damage.
You barely miss the scorpion.
The scorpion is heavily wounded.
You feel very sick. The scorpion closely misses you.
The quokka bites you but does no damage.
The scorpion stings you.
* * * LOW HITPOINT WARNING * * *
The quokka misses you.
You are too injured to fight recklessly!
A red film seems to cover your vision as you go berserk!
You feel yourself moving faster!
You feel mighty!
You feel sick. The scorpion misses you. The quokka closely misses you.
The scorpion stings you but does no damage.
The quokka bites you.
* * * LOW HITPOINT WARNING * * *
You hit the scorpion but do no damage.
The scorpion is heavily wounded.
You feel sick. The scorpion stings you.
* * * LOW HITPOINT WARNING * * *
The quokka bites you but does no damage.
You barely miss the scorpion.
The scorpion is heavily wounded.
* * * LOW HITPOINT WARNING * * *
You feel sick. The scorpion barely misses you. The quokka misses you.
You hit the scorpion.
The scorpion is severely wounded.
* * * LOW HITPOINT WARNING * * *
You feel sick. The scorpion stings you.
You die...

#. ..# ... #.## ..
...### ####### .#
....#...###..#..###.#
#....rs.....#....#[#
#@###..#..###.#
#..)#...##..#....#
#...#...#...#....##
##..#...#..###....#
.#..###..#...#...#
..#.. #...#...#...#
.. ##. #...#...##..#
.## .# .###.###..###
. .. ........#


You could see a scorpion and a quokka.

Vanquished Creatures
  Jessica (D:2)
  Natasha (D:2)
  A dart slug (D:1)
  2 endoplasms (D:1)
  2 giant cockroaches (D:1)
  5 goblins
  2 hobgoblins (D:1)
  A quokka (D:1)
  4 ball pythons (D:1)
  3 bats (D:1)
  A frilled lizard (D:1)
  A kobold (D:1)
  3 rats (D:1)
27 creatures vanquished.

Vanquished Creatures (others)
  2 plants (D:2)
2 creatures vanquished.

Grand Total: 29 creatures vanquished

Notes
Turn   | Place    | Note
-------+----------+-------------------------------------------
     0 | D:1      | LucemDeus the Demonspawn Berserker began the quest for the
                  | Orb.
     0 | D:1      | Reached XP level 1. HP: 18/18 MP: 1/1
   347 | D:1      | Gained mutation: You are surrounded by a mild repulsion
                  | field. (EV +2) [demonic ancestry]
   347 | D:1      | Reached XP level 2. HP: 24/24 MP: 2/2
   628 | D:1      | Found a faded altar of an unknown god.
   942 | D:2      | Noticed Natasha
   944 | D:2      | Gained mutation: You have sharp fingernails. [demonic
                  | ancestry]
   944 | D:2      | Reached XP level 3. HP: 29/29 MP: 3/3
   949 | D:2      | Killed Natasha
  1025 | D:2      | Noticed a scorpion
  1027 | D:2      | Noticed Jessica
  1031 | D:2      | Killed Jessica
  1032 | D:2      | Gained mutation: You regenerate magic rapidly. [demonic
                  | ancestry]
  1032 | D:2      | Reached XP level 4. HP: 16/36 MP: 4/4
  1041 | D:2      | HP: 2/54 [poisoned by a scorpion]
  1042 | D:2      | Slain by a scorpion

Illustrated notes

Levels and vault maps discovered:
D:1:      scummos_arrival_forest, layout_rooms,
          shapermc_ecumenical_altar_starsandcircs, minmay_pentomino_q2
D:2:      layout_basic, serial_bayou, serial_bayou_pond_a,
          serial_bayou_lagoon_a, serial_bayou_lake_a, serial_bayou_shore_b,
          grunt_ministairs_1, st_stairs_12, nicolae_titane, uniq_natasha,
          uniq_jessica

Skill      XL: |  1  2 |
---------------+-------+-----
Armour         | 2 |  2.5
Dodging        | 2 |  2.5
Polearms       | 3 |  3.2
Fighting       | |  3.6

Action                   |  1- 3 |  4- 6 || total
-------------------------+-------+-------++-------
Melee: Spear             |    92 |     8 ||   100
Invok: Berserk           |     3 |     1 ||     4
  Use: Scroll            |     3 |       ||     3
       Potion            |       |     2 ||     2
 Stab: Sleeping          |     1 |       ||     1
Armor: Animal skin       |     7 |       ||     7
       Leather armour    |     7 |     6 ||    13
Dodge: Dodged            |    58 |    12 ||    70
